 Dungeon Crawl Stone Soup version 0.23.2-40-g277498a001 (webtiles) character file.

Game seed: 9639934607277175316

11830 Glamhuggeren the Markscentaur (level 11, -1/81 (82) HPs)
             Began as a Centaur Hunter on Oct 11, 2019.
             Was a High Priest of Okawaru.
             Killed from afar by a frost giant (44 damage)
             ... with a bolt of cold
             ... on level 10 of the Dungeon.
             The game lasted 01:01:33 (13732 turns).

Glamhuggeren the Markscentaur (Centaur Hunter)     Turns: 13732, Time: 01:01:38

HP:   -1/81 (82)    AC: 11    Str: 19    XL:     11   Next: 54%
MP:   8/14          EV:  9    Int:  6    God:    Okawaru [*****.]
Gold: 336           SH:  0    Dex: 15    Spells: 10/10 levels left

rFire    . . .     SeeInvis .   a - +7 longbow "Piercer" {penet, EV-2}
rCold    . . .     Gourm    .   (shield currently unavailable)
rNeg     . . .     Faith    .   n - +2 scale mail of Lutuemogen {Str+2 Int-4 Dex+4}
rPois    +         Spirit   .   (no helmet)
rElec    .         Reflect  .   l - +0 cloak
rCorr    .         Harm     .   (no gloves)
MR       .....                  (no barding)
Stlth    +.........             (no amulet)
HPRegen  0.23/turn              F - ring of poison resistance
MPRegen  0.14/turn              g - +2 ring of slaying

@: heroism, finesse, very quick
A: large, hooves 3, deformed body, speed 2, tough skin 3
a: Heroism, Finesse, Renounce Religion


You were on level 10 of the Dungeon.
You worshipped Okawaru.
Okawaru was extremely pleased with you.
You were not hungry.

You visited 2 branches of the dungeon, and saw 11 of its levels.

You collected 336 gold pieces.

Inventory:

Hand Weapons
 a - the +7 longbow "Piercer" (weapon) {penet, EV-2}
   (You found it on level 10 of the Dungeon)

   Ammo fired by it will pass through the targets it hits, potentially hitting
   all targets in its path until it reaches maximum range.
   It affects your evasion (-2).
 b - a +1 spear of venom
 A - a +0 halberd
 H - the +8 lajatang of Engah {elec, rPois rC+ Dex+3, unknown}
   (Okawaru gifted it to you on level 10 of the Dungeon)

   Occasionally, upon striking a foe, it will discharge some electrical energy
   and cause terrible harm.
   It affects your dexterity (+3).
   It protects you from cold.
   It protects you from poison.
Missiles
 d - 120 arrows (quivered)
 i - 382 stones
Armour
 c - +0 steam dragon scales
 l - a +0 cloak (worn)
 n - the +2 scale mail of Lutuemogen (worn) {Str+2 Int-4 Dex+4}
   (You found it on level 10 of the Dungeon)

   It affects your strength (+2).
   It affects your intelligence (-4).
   It affects your dexterity (+4).
 t - +0 ice dragon scales
 B - a +0 buckler
 J - a +2 robe of magic resistance
Jewellery
 g - a +2 ring of slaying (right hand)
 F - a ring of poison resistance (left hand)
Wands
 o - a wand of flame (5)
 x - a wand of acid (14)
 C - a wand of iceblast (8)
 D - a wand of disintegration (12)
Scrolls
 h - 2 scrolls of magic mapping
 j - 2 scrolls of identify
 m - 4 scrolls of fog
 u - 3 scrolls of teleportation
 v - 2 scrolls of enchant weapon
 w - a scroll of summoning {unknown}
 y - 2 scrolls of amnesia {unknown}
 z - a scroll of fear
Potions
 e - a potion of brilliance
 k - a potion of cancellation
 p - a potion of curing
 q - a potion of berserk rage {unknown}
 r - a potion of might {unknown}
 s - a potion of resistance {unknown}
 E - 2 potions of heal wounds
 G - a potion of flight {unknown}
Comestibles
 f - 20 rations


   Skills:
 - Level 3.0(8.0) Fighting
 + Level 10.6(15.6) Polearms
 * Level 15.5(20.5) Bows
 - Level 4.0(9.0) Armour
 - Level 2.0(7.0) Dodging
 - Level 0.4(5.4) Stealth
 - Level 5.1 Invocations


You had 10 spell levels left.
You didn't know any spells.
Your spell library was empty.

Dungeon Overview and Level Annotations

Branches:
Dungeon (10/15)            Temple (1/1) D:7            Lair (0/6) D:8
    Orc (0/2) D:10

Altars:
Ashenzari
Cheibriados
Dithmenos
Elyvilon
Fedhas
Gozag
Hepliaklqana
Kikubaaqudgha
Makhleb
Nemelex Xobeh
Okawaru
Qazlal
Ru
Sif Muna
Trog
Uskayaw
Vehumet
Wu Jian
Xom
Yredelemnul
Zin
The Shining One

Annotations:
D:10 1 runed translucent door


Innate Abilities, Weirdness & Mutations

You have hooves in place of feet.
Armour fits poorly on your strangely shaped body.
You cover ground very quickly.
You have extremely tough skin. (AC +3)


Message History

Okawaru is honoured by your kill. Something appears before you!
Okawaru grants you a weapon!
H - a transparent lajatang {god gift} Firing (i - inventory. (/) - cycle)
d - 122 arrows (quivered)
Press: ? - help, Shift-Dir - straight line, f - frost giant
Aim: a frost giant, wielding a +2 battleaxe of freezing You shoot an arrow.
The arrow pierces through the frost giant!
The frost giant is lightly wounded.
Firing (i - inventory. (/) - cycle)
d - 121 arrows (quivered)
Press: ? - help, Shift-Dir - straight line, f/p - frost giant
Aim: a frost giant, wielding a +2 battleaxe of freezing (lightly wounded)
You shoot an arrow.
The arrow pierces through the frost giant!!
The frost giant is moderately wounded.
The frost giant points at you and mumbles some strange words.
The bolt of cold hits you!!!
Ouch! That really hurt!
You die...

#...#. #..# #.##
#.#..#.# #. ....#..#..#
#.# #......# #####.
.#..#⌠.#..# #.# ####.###
#.....
....###.''####.#### #.#
#.###.
#.#...8#(.#8......# #.#
#.# #.
#.#..)'.[..C...##.# #.#
#.# ##
#.#...8###.8...##.# #.#
#.####
#.#............##.####.#
#.....
#.#.#####(......@......#
###...
#..............##.######
#.## ###.#######..####.#
#.## #.#######.......#
#.## #.........#######
#.## ########### #.##
#... ####


You could see a frost giant.

Vanquished Creatures
  Erica (D:8)
  A deep troll earth mage (D:10)
  An unseen horror (D:10)
  A deep elf mage (D:10)
  A gargoyle (D:10)
  3 trolls
  A hippogriff (D:7)
  9 spriggans
  5 yaks (D:10)
  A wyvern (D:9)
  A steam dragon (D:8)
  A hungry ghost (D:8)
  Menkaure (D:4)
  A soldier ant (D:10)
  5 orc warriors
  2 phantoms (D:5)
  2 black bears
  5 ice beasts
  7 ogres
  2 necrophages (D:10)
  2 centaurs (D:6)
  5 big kobolds
  6 bullfrogs
  A wyvern zombie (D:9)
  A water moccasin zombie (D:5)
  6 killer bees
  2 scorpions
  4 howler monkeys
  4 wights
  4 crimson imps
  2 quasits (D:6)
  A bullfrog zombie (D:5)
  A centaur zombie (D:9)
  2 hounds (D:7)
  3 centaur skeletons
  A jelly (D:8)
  10 orc priests
  3 bullfrog skeletons
  3 iguanas
  11 orc wizards
  11 worker ants
  A hound skeleton (D:8)
  10 gnolls
  A howler monkey skeleton (D:5)
  15 adders
  An ooze (D:2)
  An adder zombie (D:8)
  4 adder skeletons
  4 worms
  3 dart slugs
  3 leopard geckos
  58 orcs
  A ball python (D:1)
  5 giant cockroaches
  4 goblins
  7 hobgoblins
  5 jackals
  A quokka (D:4)
  8 bats
  2 frilled lizards (D:1)
  19 kobolds
  7 rats
  4 butterflies (D:10)
298 creatures vanquished.

Notes
Turn   | Place    | Note
-------+----------+-------------------------------------------
     0 | D:1      | Glamhuggeren the Centaur Hunter began the quest for the
                  | Orb.
     0 | D:1      | Reached XP level 1. HP: 17/17 MP: 1/1
   201 | D:1      | Reached XP level 2. HP: 24/24 MP: 2/2
   670 | D:1      | Reached skill level 6 in Bows
   673 | D:1      | Reached XP level 3. HP: 25/30 MP: 3/3
  1610 | D:2      | Reached XP level 4. HP: 37/37 MP: 4/4
  2007 | D:3      | Reached skill level 7 in Bows
  2458 | D:4      | Noticed an ogre
  2483 | D:4      | Killed an ogre
  2483 | D:4      | Reached skill level 1 in Polearms
  2483 | D:4      | Reached XP level 5. HP: 45/45 MP: 5/5
  2489 | D:4      | Reached skill level 8 in Bows
  2608 | D:4      | Reached XP level 6. HP: 50/51 MP: 6/6
  2943 | D:4      | Noticed Menkaure
  2958 | D:4      | Killed Menkaure
  2958 | D:4      | Reached skill level 9 in Bows
  3261 | D:4      | Found an iron altar of Okawaru.
  3283 | D:4      | Became a worshipper of Warmaster Okawaru
  3532 | D:5      | Entered Level 5 of the Dungeon
  3693 | D:5      | Reached XP level 7. HP: 32/57 MP: 7/7
  4040 | D:5      | Reached skill level 10 in Bows
  4082 | D:5      | Reached * piety under Okawaru
  4394 | D:5      | Reached XP level 8. HP: 35/63 MP: 8/8
  4591 | D:5      | Reached skill level 11 in Bows
  5168 | D:5      | Reached skill level 1 in Invocations
  5754 | D:6      | Reached ** piety under Okawaru
  5767 | D:6      | Reached skill level 12 in Bows
  5925 | D:5      | Reached skill level 5 in Polearms
  6126 | D:6      | Found a shimmering altar of Xom.
  6549 | D:7      | Reached XP level 9. HP: 53/69 MP: 11/11
  6808 | D:7      | Found a staircase to the Ecumenical Temple.
  6864 | Temple   | Entered the Ecumenical Temple
  6956 | D:7      | Found an opulent altar of Gozag.
  7183 | D:7      | Reached skill level 13 in Bows
  7210 | D:7      | Reached *** piety under Okawaru
  8199 | D:8      | Reached skill level 5 in Invocations
  8346 | D:8      | Reached skill level 14 in Bows
  8631 | D:8      | Reached XP level 10. HP: 13/77 MP: 11/13
  8969 | D:8      | Reached **** piety under Okawaru
  8969 | D:8      | Received a gift from Okawaru
  9032 | D:8      | Reached skill level 1 in Armour
  9108 | D:8      | Found a staircase to the Lair.
  9154 | D:8      | Noticed Erica
  9179 | D:8      | Killed Erica
  9179 | D:8      | Received a gift from Okawaru
 10216 | D:9      | Reached ***** piety under Okawaru
 10607 | D:9      | Received a gift from Okawaru
 11917 | D:9      | Reached skill level 10 in Polearms
 12067 | D:10     | Entered Level 10 of the Dungeon
 12067 | D:10     | Found the +7 longbow "Piercer" {penet, EV-2}
 12126 | D:10     | Reached XP level 11. HP: 79/82 MP: 14/14
 12208 | D:10     | Found a staircase to the Orcish Mines.
 12699 | D:10     | Got a smoking scale mail
 12710 | D:10     | Identified the +2 scale mail of Lutuemogen {Str+2 Int-4
                  | Dex+4} (You found it on level 10 of the Dungeon)
 12743 | D:10     | Received a gift from Okawaru
 12760 | D:10     | Killed an unseen horror
 12882 | D:10     | Noticed a deep elf mage
 12883 | D:10     | Found a large runed translucent door.
 12892 | D:10     | Killed a deep elf mage
 12892 | D:10     | Reached skill level 15 in Bows
 12895 | D:10     | Found a large runed translucent door.
 13133 | D:10     | Found a runed translucent door.
 13134 | D:10     | Found a runed translucent door.
 13715 | D:10     | Noticed a deep troll earth mage
 13717 | D:10     | Noticed a frost giant
 13729 | D:10     | Killed a deep troll earth mage
 13729 | D:10     | Received a gift from Okawaru
 13730 | D:10     | Got a transparent lajatang {god gift}
 13732 | D:10     | Killed from afar by a frost giant

Skill      XL: |  1  2  3  4  5  6  7  8  9 10 11 |
---------------+----------------------------------+-----
Bows           | 6 7 8 9 10 12 14 15 | 15.5
Dodging        | 2 |  2.0
Fighting       | 3 |  3.0
Polearms       | 1 2 4 5 7 10 | 10.6
Invocations    | 3 5 |  5.1
Armour         | 3 4 |  4.0
Stealth        | |  0.4

Action                   |  1- 3 |  4- 6 |  7- 9 | 10-12 || total
-------------------------+-------+-------+-------+-------++-------
Melee: Short sword       |    55 |       |       |       ||    55
       Kick              |    12 |    18 |    62 |    97 ||   189
       Spear             |    48 |    88 |   321 |   431 ||   888
       Punch             |       |       |     1 |       ||     1
       Longbow           |       |       |       |     1 ||     1
 Fire: Shortbow          |     4 |    18 |    94 |    88 ||   204
       Longbow           |       |       |       |    54 ||    54
Throw: Stone             |       |     1 |     4 |     3 ||     8
Invok: Heroism           |       |       |     4 |     7 ||    11
       Finesse           |       |       |       |     2 ||     2
  Use: Scroll            |       |       |     4 |     9 ||    13
       Potion            |       |       |     4 |     2 ||     6
 Stab: Sleeping          |       |       |     1 |       ||     1
  Eat: Chunk             |     1 |     6 |    11 |    12 ||    30
       Ration            |       |       |     1 |     1 ||     2
Armor: Leather armour    |    38 |    20 |    64 |       ||   122
       Robe              |       |       |       |    29 ||    29
       Steam dragon scal |       |       |       |    12 ||    12
       Ice dragon scales |       |       |       |     8 ||     8
       Scale mail        |       |       |       |    18 ||    18
Dodge: Dodged            |    33 |    30 |   106 |   108 ||   277
